 Dungeon Crawl Stone Soup version 0.23.2 (webtiles) character file.

Game seed: 13974105751807774700

1892 lysyklops the Skirmisher (level 8, -3/74 HPs)
             Began as a Minotaur Fighter on Mar 31, 2019.
             Was a Believer of Okawaru.
             Slain by a gnoll sergeant
             ... wielding a +0 trident
              (6 damage)
             ... on level 8 of the Dungeon.
             The game lasted 00:10:56 (5586 turns).

lysyklops the Skirmisher (Minotaur Fighter)         Turns: 5586, Time: 00:10:58

Health: -3/74      AC:  9    Str: 22    XL:     8   Next: 93%
Magic:  0/17       EV:  8    Int:  5    God:    Okawaru [**....]
Gold:   414        SH: 11    Dex: 11    Spells: 7/7 levels left

rFire    . . .     SeeInvis .   a - +0 long sword
rCold    + . .     Gourm    .   c - +0 shield
rNeg     . . .     Faith    .   b - +0 scale mail
rPois    .         Spirit   +   (helmet restricted)
rElec    .         Reflect  .   C - scarf {repulsion}
rCorr    .         Harm     .   w - +0 pair of gloves
MR       .....                  (no boots)
Stlth    ..........             I - amulet of guardian spirit
HPRegen  0.22/turn              s - ring of magical power
MPRegen  0.15/turn              x - ring of protection from cold

@: repel missiles
A: retaliatory headbutt, horns 2
a: Heroism, Renounce Religion


You were on level 8 of the Dungeon.
You worshipped Okawaru.
Okawaru was pleased with you.
You were not hungry.

You visited 2 branches of the dungeon, and saw 9 of its levels.
You also visited: Sewer.

You collected 414 gold pieces.

Inventory:

Hand Weapons
 a - a +0 long sword (weapon)
Armour
 b - a +0 scale mail (worn)
 c - a +0 shield (worn)
 w - a +0 pair of gloves (worn)
 C - a scarf of repulsion (worn)
Jewellery
 s - a ring of magical power (left hand)
 x - a ring of protection from cold (right hand)
 I - an amulet of guardian spirit (around neck)
Wands
 F - a wand of iceblast (6)
 H - a wand of flame (16)
Scrolls
 h - 3 scrolls of magic mapping {unknown}
 i - 4 scrolls of remove curse {unknown}
 j - 9 scrolls of identify {unknown}
 m - 2 scrolls of amnesia {unknown}
 o - 3 scrolls of random uselessness {unknown}
 u - 2 scrolls of fog {unknown}
 v - 2 scrolls of blinking {unknown}
 y - 2 scrolls of noise {unknown}
 z - 2 scrolls of teleportation {unknown}
 A - a scroll of torment {unknown}
 D - a scroll of summoning {unknown}
 G - a scroll of fear {unknown}
Potions
 d - 2 potions of might
 e - a potion of ambrosia {unknown}
 g - 6 potions of haste {unknown}
 k - 3 potions of lignification {unknown}
 l - 2 potions of mutation {unknown}
 n - 9 potions of curing {unknown}
 p - 3 potions of flight {unknown}
 q - 2 potions of agility {unknown}
 r - 2 potions of berserk rage {unknown}
 t - 3 potions of degeneration {unknown}
 B - 2 potions of magic {unknown}
Comestibles
 f - 19 rations
 E - 3 chunks of flesh


   Skills:
 + Level 7.8 Fighting
 + Level 7.1 Long Blades
 + Level 7.8 Armour
 + Level 7.7 Shields
 + Level 1.6 Invocations


You had 7 spell levels left.
You didn't know any spells.
Your spell library was empty.

Dungeon Overview and Level Annotations

Branches:
Dungeon (8/15)             Temple (1/1) D:5
   Lair: D:8-11

Altars:
Cheibriados
Kikubaaqudgha
Nemelex Xobeh
Okawaru
Ru
Sif Muna
Trog
Vehumet
Xom
Yredelemnul
Zin
The Shining One


Innate Abilities, Weirdness & Mutations

You reflexively headbutt those who attack you in melee.
You have a pair of horns on your head.


Message History

The gnoll sergeant hits you from afar with a +0 trident.
* * * LOW HITPOINT WARNING * * *
You are too injured to fight recklessly!
You are too injured to fight recklessly!
You are too injured to fight recklessly!
You are too injured to fight recklessly!
You hit the two-headed ogre. You headbutt the two-headed ogre.
The two-headed ogre is almost dead.
You block the two-headed ogre's attack. The two-headed ogre closely misses you.
The gnoll hits you from afar with a +0 spear.
* * * LOW HITPOINT WARNING * * *
The gnoll sergeant completely misses you.
Your shield and scale mail prevent you from hitting the two-headed ogre.
The two-headed ogre is almost dead.
You block the gnoll's attack.
The two-headed ogre hits you with a +0 giant spiked club.
* * * LOW HITPOINT WARNING * * *
You block the two-headed ogre's attack.
The gnoll sergeant hits you from afar with a +0 trident.
You die...

#...# #.#....
#...#####.#...
.####............
................
.......... ....
........ ..# #
#...#####g###...#
#......@Ogh.....#
#...#########...#
#...#### #
########......#
###......#......#
.....###.#.####.#
.....###.#.####.#
###...........#.####
#.....##...........#


You could see a two-headed ogre, a gnoll sergeant, a gnoll and a jackal.

Vanquished Creatures
  A spriggan (D:7)
  A hungry ghost (D:7)
  A water moccasin (D:8)
  5 ogres
  A centaur (D:6)
  A bullfrog (D:6)
  2 scorpions
  2 howler monkeys (D:4)
  2 hounds
  An orc priest (D:3)
  3 orc wizards
  4 centaur skeletons
  Jessica (D:3)
  Natasha (D:3)
  2 worker ants
  Robin (D:2)
  2 worker ant zombies
  13 adders
  2 gnolls (D:8)
  5 river rats
  A shadow imp (D:5)
  3 oozes
  An adder skeleton (D:5)
  An adder zombie (D:6)
  5 dart slugs
  6 leopard geckos
  10 orcs
  7 ball pythons
  4 bats
  12 giant cockroaches
  14 goblins
  9 hobgoblins
  13 jackals
  4 quokkas
  A ball python skeleton (D:5)
  8 frilled lizards
  8 kobolds
  A leopard gecko skeleton (D:4)
  A leopard gecko zombie (D:8)
  2 quokka skeletons (D:4)
  A quokka zombie (D:6)
  13 rats
176 creatures vanquished.

Vanquished Creatures (others)
  An ogre (D:4)
  A worker ant (D:4)
  2 orcs (D:4)
  A giant cockroach (D:4)
  A frilled lizard (D:4)
6 creatures vanquished.

Grand Total: 182 creatures vanquished

Notes
Turn   | Place    | Note
-------+----------+-------------------------------------------
     0 | D:1      | lysyklops the Minotaur Fighter began the quest for the Orb.
     0 | D:1      | Reached XP level 1. HP: 19/19 MP: 0/0
   268 | D:1      | Reached XP level 2. HP: 27/27 MP: 1/1
   764 | D:2      | Reached XP level 3. HP: 33/33 MP: 2/2
   792 | D:2      | Noticed Robin
   824 | D:2      | Killed Robin
   994 | D:2      | Reached XP level 4. HP: 34/41 MP: 3/3
  1588 | D:3      | Noticed Jessica
  1591 | D:3      | Noticed Natasha
  1597 | D:3      | Killed Natasha
  1597 | D:3      | Reached XP level 5. HP: 35/47 MP: 4/4
  1607 | D:3      | Killed Jessica
  1788 | D:3      | Reached skill level 5 in Fighting
  1794 | D:3      | Reached skill level 5 in Armour
  1794 | D:3      | Reached skill level 5 in Shields
  1797 | D:3      | Reached XP level 6. HP: 40/56 MP: 5/5
  2194 | D:4      | Reached skill level 5 in Long Blades
  2194 | D:4      | Reached XP level 7. HP: 31/62 MP: 6/6
  2403 | D:4      | Found a shimmering altar of Xom.
  2587 | D:5      | Entered Level 5 of the Dungeon
  2588 | D:5      | Found a staircase to the Ecumenical Temple.
  2597 | Temple   | Entered the Ecumenical Temple
  2603 | Temple   | Became a worshipper of Warmaster Okawaru
  2689 | D:5      | Found an iron altar of Okawaru.
  2963 | D:5      | Found a glowing golden altar of the Shining One.
  2965 | D:5      | Found a sacrificial altar of Ru.
  2965 | D:5      | Found a glowing silver altar of Zin.
  2965 | D:5      | Found an ancient bone altar of Kikubaaqudgha.
  2967 | D:5      | Found a basalt altar of Yredelemnul.
  2970 | D:5      | Found a bloodstained altar of Trog.
  3063 | D:5      | Found a glowing drain.
  3085 | Sewer    | Entered a sewer
  3758 | D:6      | Reached * piety under Okawaru
  3769 | D:6      | Reached XP level 8. HP: 11/71 MP: 7/7
  3792 | D:5      | HP: 3/71 [poisoned by a scorpion]
  3800 | D:5      | HP: 3/71 [poisoned by a scorpion]
  5223 | D:8      | Reached skill level 1 in Invocations
  5501 | D:8      | Reached ** piety under Okawaru
  5567 | D:8      | Noticed a two-headed ogre
  5586 | D:8      | HP: 3/74 [two-headed ogre/+0 giant spiked club (4)]
  5586 | D:8      | Slain by a gnoll sergeant

Skill      XL: |  1  2  3  4  5  6  7  8 |
---------------+-------------------------+-----
Fighting       | 4 5 6 7 |  7.8
Armour         | 4 5 6 7 |  7.8
Shields        | 4 5 6 7 |  7.7
Long Blades    | 3 4 5 7 |  7.1
Invocations    | 1 |  1.6

Action                   |  1- 3 |  4- 6 |  7- 9 || total
-------------------------+-------+-------+-------++-------
Melee: Long sword        |   101 |   132 |   278 ||   511
       Headbutt          |    18 |    30 |    46 ||    94
  Eat: Chunk             |       |     5 |    13 ||    18
Armor: Scale mail        |    42 |    49 |    86 ||   177
Dodge: Dodged            |    31 |    42 |    93 ||   166
Block: Shield            |    51 |    66 |   148 ||   265
       Rpst.: Long sword |     6 |    13 |    21 ||    40
